 Dungeon Crawl Stone Soup version 0.29-a0-194-g6e3aafee17 (webtiles) character file.

Game seed: 12662878475674285205

5080 freelancePsychic the Covert (level 10, -2/67 HPs)
             Began as a Kobold Hunter on Feb 22, 2022.
             Was a Priest of Cheibriados.
             Slain by a centaur warrior
             ... wielding a +0 falchion
              (13 damage)
             ... on level 8 of the Dungeon.
             The game lasted 00:13:46 (9288 turns).

freelancePsychic the Covert (Kobold Hunter)         Turns: 9288, Time: 00:13:47

Health: -2/67      AC:  8    Str: 17    XL:     10   Next: 86%
Magic:  13/13      EV: 19    Int: 19    God:    Cheibriados [***...]
Gold:   329        SH:  0    Dex: 27    Spells: 9/9 levels left

rFire   + . .      SeeInvis .   a - +1 hand crossbow
rCold   . . .      Faith    .   (no shield)
rNeg    . . .      Spirit   .   A - +0 acid dragon scales
rPois   +          Reflect  .   (no helmet)
rElec   .          Harm     .   v - +1 cloak {rPois}
rCorr   +          Rampage  .   (no gloves)
Will    .....                   (no boots)
Stlth   ++++++....              (no amulet)
HPRegen 0.21/turn               n - ring of protection from fire
MPRegen 0.13/turn               o - +4 ring of slaying

@: very slow
A: small, no large weapons, nightstalker 3
a: Renounce Religion, Bend Time, Temporal Distortion


You were on level 8 of the Dungeon.
You worshipped Cheibriados.
Cheibriados was most pleased with you.
You visited 2 branches of the dungeon, and saw 9 of its levels.
You also visited: Ossuary.

You collected 639 gold pieces.
You spent 310 gold pieces at shops.

Inventory:

Hand Weapons
 a - a +1 hand crossbow (weapon)
Armour
 b - a +0 leather armour
 v - a +1 cloak of poison resistance (worn)
 A - +0 acid dragon scales (worn)
Jewellery
 h - a ring of poison resistance
 n - a ring of protection from fire (left hand)
 o - a +4 ring of slaying (right hand)
 q - a ring of see invisible
 u - an amulet of faith
 y - a +6 ring of intelligence
 D - a +4 ring of evasion
 E - a ring of fire
 F - an amulet of reflection
Wands
 p - a wand of flame (17)
 s - a wand of iceblast (18)
 H - a wand of mindburst (10)
Scrolls
 d - 4 scrolls of amnesia
 g - 2 scrolls of noise
 i - a scroll of fog
 m - 2 scrolls of teleportation {@r4}
 w - 3 scrolls of magic mapping
 x - 2 scrolls of identify {@r1}
 G - a scroll of blinking
 I - a scroll of enchant armour {unknown}
Potions
 c - a potion of might
 e - a potion of lignification
 f - 2 potions of ambrosia {unknown}
 j - a potion of attraction {unknown}
 k - a potion of brilliance {unknown}
 l - a potion of curing {@q1}
 r - a potion of heal wounds {unknown}
 t - a potion of flight {unknown}
 z - 3 potions of degeneration {unknown}
 B - a potion of mutation {unknown}
Miscellaneous
 C - a lightning rod (4/4)


   Skills:
 + Level 9.7 Fighting
 - Level 10.0 Crossbows
 + Level 6.2 Dodging
 + Level 12.2 Stealth
 - Level 4.9 Invocations


You had 9 spell levels left.
You didn't know any spells.
Your spell library contained the following spells:

 Spells                   Type           Power      Damage    Failure   Level
 Slow                     Hex            0%         N/A       28%         1
 Blink                    Tloc           0%         N/A       38%         2
 Confusing Touch          Hex            0%         N/A       63%         3
 Lesser Beckoning         Tloc           0%         N/A       63%         3
 Ozocubu's Armour         Ice            0%         N/A       63%         3
 Vampiric Draining        Necr           0%         2d6       63%         3
 Olgreb's Toxic Radiance  Pois           0%         N/A       95%         4
 Manifold Assault         Tloc           0%         N/A       100%        5
 Ozocubu's Refrigeration  Ice            0%         4d5       100%        7
 Ignition                 Fire           0%         3d3       100%        8


Dungeon Overview and Level Annotations

Branches:
Dungeon (8/15)             Temple (1/1) D:4         Ossuary (visited)
   Lair: D:8-11

Altars:
Ashenzari
Cheibriados
Kikubaaqudgha
Qazlal
Xom

Shops:
D:7 !   D:8 ?

Annotations:
D:4 Ijyb
D:6 4 runed translucent doors
D:8 Harold, Maggie


Innate Abilities, Weirdness & Mutations

You are small and have problems with some larger weapons.
You are completely attuned to the shadows.


Message History

You shoot a bolt. Something hits you! Something kicks you.
Shoot: a) +1 hand crossbow
Press: ? - help, Shift-Dir - straight line, f/p - howler monkey
Aim: a howler monkey (severely wounded)
You shoot a bolt. Something completely misses you.
Something kicks you but does no damage. Something hits you.
Something kicks you.
Shoot: a) +1 hand crossbow
Press: ? - help, Shift-Dir - straight line, f/p - howler monkey
Aim: a howler monkey (severely wounded)
You shoot a bolt. Something hits you!
* * * LOW HITPOINT WARNING * * *
Something kicks you but does no damage.
Shoot: a) +1 hand crossbow
Press: ? - help, Shift-Dir - straight line, f/p - howler monkey
Aim: a howler monkey (severely wounded)
You shoot a bolt. Something hits you.
* * * LOW HITPOINT WARNING * * *
Something kicks you but does no damage. Something barely misses you.
Something kicks you but does no damage.
The howler monkey hoots and howls with incredible vigour!
You hear an angry hiss.
Shoot: a) +1 hand crossbow
Press: ? - help, Shift-Dir - straight line, f/p - howler monkey
Aim: a howler monkey (severely wounded, catching its breath)
You shoot a bolt. The bolt hits the howler monkey!!
You kill the howler monkey!
Cheibriados thoroughly appreciates the change of pace.
Something hits you!
* * * LOW HITPOINT WARNING * * *
Something completely misses you. Something hits you.
* * * LOW HITPOINT WARNING * * *
Something kicks you.
* * * LOW HITPOINT WARNING * * *
You feel better. Something hits you.
* * * LOW HITPOINT WARNING * * *
Something completely misses you.
You feel better. Something barely misses you.
Something kicks you but does no damage. Something hits you!
You die...

..#.#...#....#)...#.#...#
..##..#.#.##...##.#.#...#
........# #...##.#.#...######
#.....#.# ..###...#......##..##
........'#.. #..#'.##........##
#.....#.#...###...#.........#..#
........# #...##.#...#.)..##..##
.##...##.#..##...###..#.
....#.{@.#..##..........
#'#####... .....## ..c......
....##. c#.....#. .....#.
#.....# @......)... #.....#
#.......... #..........
#.......... #. ##........).


There were no monsters in sight!

Vanquished Creatures
  A two-headed ogre (D:8)
  An ugly thing (D:8)
  A troll (D:8)
  A slime creature (D:8)
  A wyvern (D:8)
  A steam dragon (D:5)
  2 acid dragons
  2 water moccasins (D:6)
  An orc warrior (D:8)
  An ice beast (D:6)
  5 necrophages
  A sky beast (D:6)
  2 black bears
  6 ogres
  3 centaurs
  A kobold brigand (D:8)
  2 water moccasin zombies (D:5)
  3 bullfrogs
  2 scorpions (D:6)
  A water moccasin skeleton (D:6)
  A howler monkey (D:8)
  2 bullfrog zombies
  3 hounds
  Crazy Yiuf (D:4)
  A gnoll shaman (D:4)
  2 jellies (D:6)
  2 centaur zombies
  An orc priest (D:7)
  A centaur skeleton (D:5)
  3 iguanas
  An orc wizard (D:7)
  2 hound skeletons (D:4)
  5 mummies (Ossuary)
  9 gnolls
  5 adders
  A shadow imp (D:6)
  2 white imps
  An ufetubus (D:6)
  5 worms
  A dart slug (D:4)
  18 orcs
  9 endoplasms
  3 giant cockroaches
  4 goblins
  4 hobgoblins
  4 jackals
  5 quokkas
  3 ball pythons
  2 bats (D:1)
  A frilled lizard (D:3)
  7 kobolds
  9 rats
156 creatures vanquished.

Vanquished Creatures (others)
  6 plants (D:8)
  4 withered plants (Ossuary)
10 creatures vanquished.

Grand Total: 166 creatures vanquished

Notes
Turn   | Place    | Note
-------+----------+-------------------------------------------
     0 | D:1      | freelancePsychic the Kobold Hunter began the quest for the
                  | Orb.
     0 | D:1      | Reached XP level 1. HP: 12/12 MP: 1/1
   141 | D:1      | Reached XP level 2. HP: 18/18 MP: 2/2
   206 | D:1      | Reached skill level 2 in Stealth
   736 | D:2      | Reached XP level 3. HP: 22/22 MP: 3/3
  1025 | D:2      | Reached skill level 3 in Stealth
  1403 | D:2      | Reached XP level 4. HP: 28/28 MP: 4/4
  1910 | D:3      | Reached XP level 5. HP: 32/32 MP: 5/5
  2003 | D:3      | Reached skill level 4 in Stealth
  2958 | D:4      | Found a staircase to the Ecumenical Temple.
  2968 | Temple   | Entered the Ecumenical Temple
  2982 | Temple   | Became a worshipper of Cheibriados the Contemplative
  3185 | D:4      | Noticed a centaur
  3189 | D:4      | Killed a centaur
  3190 | D:4      | Reached skill level 5 in Stealth
  3190 | D:4      | Reached XP level 6. HP: 9/38 MP: 6/6
  3619 | D:4      | Found a runed translucent door.
  3622 | D:4      | Noticed Crazy Yiuf
  3625 | D:4      | Killed Crazy Yiuf
  3800 | D:4      | Noticed Ijyb
  3879 | D:5      | Entered Level 5 of the Dungeon
  3947 | D:5      | Noticed an ogre
  3953 | D:5      | Killed an ogre
  3954 | D:5      | Reached XP level 7. HP: 13/44 MP: 7/7
  4436 | D:5      | Found a sand-covered staircase.
  4442 | Ossuary  | Entered an ossuary
  4461 | Ossuary  | Reached skill level 6 in Stealth
  4465 | Ossuary  | Reached skill level 5 in Fighting
  4976 | D:5      | Reached * piety under Cheibriados
  5099 | D:5      | Reached skill level 7 in Stealth
  5099 | D:5      | Reached XP level 8. HP: 51/51 MP: 8/8
  5478 | D:5      | Found a stormy altar of Qazlal.
  5668 | D:5      | Reached skill level 1 in Invocations
  5875 | D:6      | Reached skill level 8 in Stealth
  6015 | D:6      | Reached XP level 9. HP: 51/56 MP: 10/10
  6302 | D:6      | Found a large runed translucent door.
  6303 | D:6      | Found a large runed translucent door.
  6359 | D:6      | Reached skill level 9 in Stealth
  6366 | D:6      | Found a large runed translucent door.
  6371 | D:6      | Found a large runed translucent door.
  6433 | D:6      | Reached skill level 10 in Crossbows
  6919 | D:6      | Reached ** piety under Cheibriados
  7078 | D:6      | Reached skill level 10 in Stealth
  7418 | D:7      | Reached XP level 10. HP: 48/64 MP: 13/13
  7516 | D:7      | Found an ancient bone altar of Kikubaaqudgha.
  7516 | D:7      | Found a broken altar of Ashenzari.
  7677 | D:7      | Found Xocsoezxe's Distillery.
  7682 | D:7      | Bought a potion of curing for 30 gold pieces
  8233 | D:8      | Found Othrarai's Magic Scroll Shoppe.
  8238 | D:8      | Bought a scroll of blinking for 120 gold pieces
  8238 | D:8      | Bought a scroll of magic mapping for 56 gold pieces
  8238 | D:8      | Bought a scroll of magic mapping for 56 gold pieces
  8238 | D:8      | Bought a scroll of teleportation for 48 gold pieces
  8240 | D:8      | Noticed Maggie
  8262 | D:8      | Noticed Harold
  8293 | D:8      | Reached skill level 11 in Stealth
  8639 | D:8      | Reached *** piety under Cheibriados
  8694 | D:8      | Noticed a two-headed ogre
  8701 | D:8      | Killed a two-headed ogre
  8702 | D:8      | Reached skill level 5 in Dodging
  8869 | D:8      | Noticed a purple ugly thing
  8880 | D:8      | Killed a purple ugly thing
  8935 | D:8      | Reached skill level 12 in Stealth
  9032 | D:8      | Noticed an ettin
  9275 | D:8      | Noticed a centaur warrior
  9286 | D:8      | HP: 2/67 [something (4)]
  9288 | D:8      | Slain by a centaur warrior

Illustrated notes

Levels and vault maps discovered:
D:1:      dpeg_arrival_tiny_c, layout_rooms,
          shapermc_ecumenical_altar_flowoftime, hex_medium,
          minmay_misc_feat_encased, minivault_27
D:2:      layout_basic
D:3:      layout_basic
D:4:      layout_basic, minmay_temple_entry_drinking_statues,
          minmay_stone_trees_small, st_stairs_4, dk_rats_in_the_wall,
          uniq_crazy_yiuf_cottage, uniq_ijyb
D:5:      layout_basic, nicolae_qazlal_eye_of_the_storm,
          nicolae_ossuary_entry_ruins, minmay_misc_feat_chi
D:6:      layout_basic, corner_web_ring, minmay_hollow_rounded_squares
D:7:      layout_loops_ring, gammafunk_temple_overflow_statue, serial_shops,
          shop, hangedman_decor_points
D:8:      layout_cave_pools, serial_shops, shop, serial_bayou_pond_a,
          minmay_the_grid_2x2 [minmay_the_grid_holed_spiral,
          minmay_the_grid_large_cup, minmay_the_grid_square_x,
          minmay_the_grid_prize_big_room], uniq_harold, uniq_maggie
Temple:   mainiacjoe_temple_bowtie_tessellation

Skill      XL: |  1  2  3  4  5  6  7  8  9 10 |
---------------+-------------------------------+-----
Stealth        | 2 3 5 7 8 10 12 | 12.2
Fighting       | 3 4 5 6 8 9 |  9.7
Crossbows      | 6 7 8 9 10 | 10.0
Invocations    | 2 4 |  4.9
Dodging        | 6 |  6.2

Action                   |  1- 3 |  4- 6 |  7- 9 | 10-12 || total
-------------------------+-------+-------+-------+-------++-------
 Fire: Hand crossbow     |    79 |    85 |   248 |   102 ||   514
Invok: Bend Time         |       |       |       |     3 ||     3
  Use: Scroll            |       |     5 |     3 |     2 ||    10
       Potion            |       |       |       |     2 ||     2
Armor: Leather armour    |     4 |     3 |    30 |       ||    37
       Acid dragon scale |       |       |    14 |    11 ||    25
Dodge: Dodged            |    19 |    23 |   124 |    50 ||   216

Table legend: (Time is in decaauts)
 A = Elapsed time spent in this place.
 B = Non-inter-level travel time spent in this place.
 C = Inter-level travel time spent in this place.
 D = Time resting spent in this place.
 E = Time spent auto-exploring this place.
 F = Levels seen in this place.
 G = Mean time per level.
                   A        B        C        D        E       F      G
               +--------+--------+--------+--------+--------+-----+--------+
         Total |  10648 |  10235 |    413 |   1108 |   7740 |  10 | 1064.8 |
       Dungeon |  10573 |  10170 |    403 |   1108 |   7722 |   8 | 1321.6 |
        Temple |     25 |     15 |     10 |      0 |      6 |   1 |   25.0 |
       Ossuary |     49 |     49 |      0 |      0 |     11 |   1 |   49.0 |
               +--------+--------+--------+--------+--------+-----+--------+

Top non-repeatable levels by time:
     D:6: 1836 daAuts
     D:5: 1796 daAuts
     D:4: 1573 daAuts
     D:3: 1309 daAuts
     D:8: 1292 daAuts
     D:7: 1188 daAuts
     D:2: 888 daAuts
     D:1: 688 daAuts
 Ossuary: 49 daAuts
  Temple: 25 daAuts
